Map: 2000 Atmospheres LE

Players

Maru - Winner!

  • Race: Terran Terran
  • League: Master

Bunny

  • Race: Terran Terran

Event: TSL 8

VOD

Have the link to the VOD?

Description

Time

  • Played on: Dec. 3, 2021, 6:33 a.m.
  • Length: 9:38

All games in this series

Show
View Real Time Build Order
Export as new Build Order

Maru Terran - Winner!

Build Orders:  

Get SALT Encoding   

  12  0:00  SCV  
  13  0:12  SCV  
  14  0:17  Supply Depot  
  14  0:24  SCV  
  15  0:38  SCV  
  15  0:39  Barracks  
  16  0:44  Refinery  
  16  0:52  SCV  
  17  0:59  Barracks  
  17  1:04  SCV  
  18  1:10  Refinery  
  18  1:16  SCV  
  19  1:27  Reaper  
  19  1:30  Orbital Command  
  20  1:39  Supply Depot  
  20  1:46  Reaper  
  21  1:55  SCV  
  21  1:59  Reaper  
  23  2:07  SCV  
  24  2:12  Factory  
  24  2:19  SCV  
  24  2:20  Reaper  
  26  2:24  Supply Depot  
  26  2:31  SCV  
  26  2:32  Bunker  
  26  2:35  Reaper  
  28  2:44  SCV  
  29  2:52  Reaper  
  29  2:56  Hellion  
  29  2:57  SCV  
  31  3:09  SCV, Reaper  
  33  3:16  Command Center  
  33  3:19  Supply Depot  
  33  3:22  Hellion  
  35  3:27  Reaper  
  35  3:31  SCV  
  37  3:43  SCV  
  37  3:45  Starport  
  37  3:46  Factory Tech Lab  
  38  3:50  Barracks Reactor  
  38  3:55  SCV  
  39  4:05  Cyclone  
  39  4:07  SCV  
  43  4:17  Refinery  
  43  4:20  SCV  
  43  4:24  Supply Depot, Starport Tech Lab  
  44  4:26  Marine x2  
  44  4:28  Orbital Command  
  46  4:32  SCV  
  47  4:42  Siege Tank  
  47  4:44  SCV, Marine x2  
  46  4:56  SCV x2  
  48  5:03  Raven  
  48  5:05  Marine x2  
  52  5:08  SCV  
  52  5:09  SCV  
  54  5:18  Command Center  
  54  5:20  SCV, Siege Tank  
  58  5:24  SCV  
  59  5:32  SCV  
  60  5:39  SCV  
  60  5:41  Supply Depot  
  61  5:44  SCV  
  61  5:47  Barracks  
  61  5:48  Barracks  
  62  5:51  SCV  
  62  5:52  Siege Tank  
  62  5:55  Refinery  
  62  5:56  SCV, Raven  
  69  6:03  SCV  
  70  6:05  Marine x2  
  70  6:08  SCV  
  73  6:11  Supply Depot  
  73  6:15  SCV  
  74  6:21  SCV  
  74  6:23  Marine x2  
  77  6:27  SCV  
  77  6:28  Engineering Bay x2  
  77  6:29  Supply Depot  
  77  6:30  Siege Tank  
  81  6:36  SCV, Orbital Command  
  82  6:41  Barracks Reactor x2  
  82  6:45  SCV  
  83  6:48  SCV  
  84  6:54  Marine  
  84  6:55  Terran Infantry Weapons Level 1, Stimpack, Terran Infantry Armor Level 1  
  84  6:57  SCV  
  84  6:59  Viking  
  84  7:00  SCV  
  84  7:01  SCV  
  90  7:09  SCV  
  90  7:12  Siege Tank, Marine  
  90  7:14  SCV  
  97  7:15  SCV  
  97  7:22  SCV, Refinery x2  
  98  7:23  Marine x4  
  98  7:24  Supply Depot  
  102  7:30  SCV, Marine  
  102  7:31  Viking x2  
  108  7:41  Barracks  
  108  7:43  Barracks  
  107  7:44  SCV  
  107  7:48  Marine  
  107  7:50  Siege Tank  
  112  7:53  Marine x2  
  112  7:54  SCV  
  112  7:56  SCV  
  113  7:58  Marine  
  113  7:59  Marine  
  113  8:00  SCV  
  113  8:02  Supply Depot x2  
  115  8:06  Viking, Armory  
  115  8:08  Viking  
  115  8:11  Marine x2  
  117  8:13  SCV  
  117  8:15  SCV  
  117  8:16  Marine  
  117  8:17  Marine  
  117  8:18  Marine  
  117  8:19  SCV  
  111  8:25  SCV  
  94  8:27  SCV  
  94  8:28  Marine  
  94  8:29  Marine  
  94  8:30  Siege Tank  
  94  8:31  Barracks Reactor  
  94  8:32  Barracks Reactor  
  100  8:34  Marine  
  100  8:35  Marine x2  
  103  8:43  Viking  
  103  8:44  Viking  
  103  8:46  Marine  
  103  8:47  Marine  
  109  8:51  Sensor Tower  
  109  8:52  Marine  
  109  8:53  Marine x2  
  112  9:04  Marine x2  
  112  9:08  SCV, Marine  
  116  9:10  Marine  
  116  9:11  Marine x2  
  116  9:14  SCV  
  116  9:15  SCV  
  117  9:20  Marine  
Show
View Real Time Build Order
Export as new Build Order

Bunny Terran 

Build Orders:  

Get SALT Encoding   

  12  0:00  SCV  
  13  0:12  SCV  
  14  0:17  Supply Depot  
  14  0:24  SCV  
  15  0:39  SCV, Barracks  
  15  0:42  Refinery  
  16  0:51  SCV  
  16  0:52  Refinery  
  17  1:03  SCV  
  18  1:15  SCV  
  19  1:26  Reaper  
  19  1:27  Orbital Command  
  19  1:28  Supply Depot  
  20  1:40  Factory  
  20  1:52  SCV  
  21  1:58  Reaper  
  22  2:04  SCV  
  23  2:15  Command Center  
  23  2:16  SCV  
  24  2:24  Hellion  
  24  2:28  SCV  
  27  2:31  Reaper  
  27  2:36  Supply Depot  
  27  2:40  SCV  
  28  2:45  Hellion  
  30  2:53  SCV  
  30  2:57  Starport  
  31  3:05  SCV  
  31  3:10  Hellion  
  32  3:16  Reaper  
  32  3:17  SCV  
  32  3:22  Supply Depot  
  32  3:29  SCV  
  32  3:32  Factory Tech Lab  
  32  3:38  Hellion  
  34  3:41  SCV, Starport Tech Lab  
  34  3:48  Reaper  
  34  3:55  Command Center  
  35  4:00  Raven  
  35  4:01  Factory Tech Lab  
  35  4:02  SCV  
  38  4:09  Command Center  
  38  4:19  SCV  
  38  4:20  Siege Tank  
  38  4:23  Barracks Reactor  
  42  4:31  SCV  
  34  4:54  SCV  
  34  4:56  Raven  
  37  5:03  Marine x2  
  37  5:06  SCV  
  40  5:18  SCV  
  40  5:20  Marine x2  
  43  5:26  Siege Tank  
  46  5:31  SCV  
  47  5:38  Marine x2  
  47  5:41  Orbital Command  
  49  5:43  SCV  
  49  5:49  Orbital Command  
  50  5:54  Refinery, Orbital Command  
  50  5:55  SCV  
  51  5:58  Siege Tank  
  54  6:06  Refinery  
  54  6:07  Viking  
  56  6:12  Starport  
  56  6:16  SCV  
  56  6:17  Marine  
  58  6:20  SCV  
  58  6:25  Viking  
  61  6:27  SCV  
  61  6:28  SCV  
  61  6:32  SCV  
  64  6:34  Supply Depot  
  64  6:38  Viking  
  66  6:47  SCV x3  
  68  6:50  Refinery  
  68  6:52  Viking  
  68  6:53  Marine  
  72  6:57  Viking  
  74  7:06  SCV  
  74  7:07  SCV x2  
  80  7:08  Siege Tank  
  80  7:11  Marine  
  81  7:17  Viking  
  83  7:23  SCV x2  
  83  7:27  Supply Depot  
  83  7:28  Viking  
  83  7:29  SCV, Marine  
  89  7:30  Supply Depot  
  89  7:33  Viking  
  88  7:45  Siege Tank  
  89  7:51  Marine  
  89  7:55  SCV x2  
  89  7:56  SCV  
  86  7:59  Viking x2  
  88  8:17  Siege Tank  
  88  8:19  Viking  
  64  8:29  Marine  
  64  8:30  SCV x2  
  66  8:35  Viking x2  
  69  8:47  SCV x3  
  72  8:49  Viking  
  72  8:53  Siege Tank  
  72  8:54  Marine  
  78  9:05  Viking  
Tags
 
Add a new tag
Caveats
  • Supply blocks, unpowered buildings, or Contaminate may cause inaccurate times.
  • Supply counts are checked every 10 seconds.